 Dungeon Crawl Stone Soup version 0.24-a0-140-gcaa6c10 (webtiles) character file.

Game seed: 2395903313033782970

464 galech the Chopper (level 6, 0/48 HPs)
             Began as a Demonspawn Fighter on Mar 4, 2019.
             Slain by an orc
             ... wielding a +0 war axe
              (7 damage)
             ... on level 4 of the Dungeon.
             The game lasted 00:03:16 (3656 turns).

galech the Chopper (Demonspawn Fighter)             Turns: 3656, Time: 00:03:17

Health: 0/48       AC:  9    Str: 16    XL:     6   Next: 80%
Magic:  6/6        EV:  9    Int: 10    God:
Gold:   216        SH:  9    Dex: 14    Spells: 5/5 levels left

rFire    . . .     SeeInvis .   a - +0 war axe
rCold    . . .     Gourm    .   c - +0 shield
rNeg     . . .     Faith    .   b - +0 scale mail
rPois    .         Spirit   .   (no helmet)
rElec    .         Reflect  .   h - +0 cloak
rCorr    .         Harm     .   r - +0 pair of gloves
MR       .....                  (no boots)
Stlth    +.........             (no amulet)
HPRegen  0.16/turn              (no ring)
MPRegen  0.10/turn              (no ring)

@: drained
A: spiny 1, sturdy frame 2
a: no special abilities


You were on level 4 of the Dungeon.
You were not hungry.

You visited 1 branch of the dungeon, and saw 4 of its levels.

You collected 216 gold pieces.

Inventory:

Hand Weapons
 a - a +0 war axe (weapon)
Armour
 b - a +0 scale mail (worn)
 c - a +0 shield (worn)
 h - a +0 cloak (worn)
 r - a +0 pair of gloves (worn)
Jewellery
 k - an uncursed ring of ice
 x - an uncursed ring of flight {unknown}
Wands
 s - a wand of scattershot (6)
 v - a wand of polymorph (6)
Scrolls
 e - 2 scrolls of remove curse {unknown}
 i - a scroll of teleportation {unknown}
 l - 4 scrolls of amnesia {unknown}
 m - 5 scrolls of identify {unknown}
 n - a scroll of blinking {unknown}
 o - 2 scrolls of enchant armour {unknown}
 q - 2 scrolls of noise {unknown}
 t - 2 scrolls of enchant weapon {unknown}
Potions
 d - 4 potions of mutation {unknown}
 g - a potion of haste {unknown}
 j - a potion of brilliance {unknown}
 p - 3 potions of heal wounds {unknown}
 u - a potion of degeneration {unknown}
Comestibles
 f - 7 rations
 w - 6 chunks of flesh


   Skills:
 + Level 4.0(3.4) Fighting
 + Level 4.2(3.6) Axes
 + Level 3.9(3.3) Armour
 + Level 1.7(1.2) Dodging
 + Level 0.6(0.0) Stealth
 + Level 3.8(3.2) Shields


You had 5 spell levels left.
You didn't know any spells.
Your spell library was empty.

Dungeon Overview and Level Annotations

Branches:
Dungeon (4/15)
 Temple: D:4-7

Altars:
Cheibriados
Nemelex Xobeh
Ru

Shops:
D:4 *


Innate Abilities, Weirdness & Mutations

You are partially covered in sharp spines.
Your movements are less encumbered by armour. (ER -4)


Message History

The orc priest hits you with a +1 flail of draining.
You feel drained.
You closely miss the orc priest.
The orc priest is heavily wounded.
The orc priest invokes the aid of Beogh against you.
Pain shoots through your body!
* * * LOW HITPOINT WARNING * * *
You hit the orc priest.
The orc priest is almost dead.
You block the orc priest's attack.
You closely miss the orc priest.
The orc priest is almost dead.
The orc priest hits you but does no damage.
You feel drained.
You hit the orc priest.
You kill the orc priest!
You block the orc's attack.
You completely miss the orc. The orc is struck by your spines.
The orc hits you with a +0 war axe!
You die...

#### ..# #.#
.
#.######....
#...@oo.....
#
#%######....
#.#####.# #
#.......#
####.####
#.#..# ##+#
##.#.#
##...##
###[#
##.....## ##
##.##
##.......##
##.


You could see 2 orcs.

Vanquished Creatures
  Sigmund (D:3)
  An ogre (D:4)
  2 orc wizards (D:4)
  An orc priest (D:4)
  A hound skeleton (D:4)
  4 adders
  2 oozes
  3 worms
  2 dart slugs
  A leopard gecko (D:2)
  5 orcs
  4 giant cockroaches
  5 goblins
  8 hobgoblins
  4 jackals
  A quokka (D:2)
  6 bats
  6 frilled lizards
  7 kobolds
  6 rats
70 creatures vanquished.

Notes
Turn   | Place    | Note
-------+----------+-------------------------------------------
     0 | D:1      | galech the Demonspawn Fighter began the quest for the Orb.
     0 | D:1      | Reached XP level 1. HP: 18/18 MP: 1/1
   286 | D:1      | Found a snail-covered altar of Cheibriados.
   327 | D:1      | Gained mutation: Your movements are slightly less
                  | encumbered by armour. (ER -2) [demonic ancestry]
   327 | D:1      | Reached XP level 2. HP: 24/24 MP: 2/2
   844 | D:2      | Gained mutation: Your movements are less encumbered by
                  | armour. (ER -4) [demonic ancestry]
   844 | D:2      | Reached XP level 3. HP: 12/29 MP: 3/3
  2408 | D:3      | Reached XP level 4. HP: 33/35 MP: 4/4
  2450 | D:3      | Noticed Sigmund
  2462 | D:3      | Killed Sigmund
  2462 | D:3      | Reached skill level 1 in Dodging
  2462 | D:3      | Gained mutation: You are partially covered in sharp spines.
                  | [demonic ancestry]
  2462 | D:3      | Reached XP level 5. HP: 22/42 MP: 5/5
  2959 | D:3      | Found a sparkling altar of Nemelex Xobeh.
  2960 | D:3      | Found a sacrificial altar of Ru.
  3307 | D:4      | Found Dotzarphe's Assorted Antiques.
  3326 | D:4      | Reached XP level 6. HP: 48/48 MP: 6/6
  3656 | D:4      | Slain by an orc

Levels and vault maps discovered:
D:1:      grunt_arrival_lava_bath, layout_basic, cheibriados_altar_1
D:2:      minmay_spotlight, layout_basic
D:3:      layout_loops_corners, gammafunk_temple_overflow_statue, uniq_sigmund
D:4:      layout_loops_corners, serial_shops,
          nicolae_shop_competitors_out_of_business

Skill      XL: |  1  2  3  4  5  6 |
---------------+-------------------+-----
Axes           | 2 3 4 |  4.2
Armour         | 3 |  3.9
Shields        | 3 |  3.8
Dodging        | 1 |  1.7
Fighting       | 4 |  4.0
Stealth        | |  0.6

Action                   |  1- 3 |  4- 6 || total
-------------------------+-------+-------++-------
Melee: War axe           |   146 |    81 ||   227
  Use: Potion            |       |     1 ||     1
  Eat: Chunk             |     4 |     5 ||     9
Armor: Scale mail        |    68 |    17 ||    85
Dodge: Dodged            |    50 |    20 ||    70
Block: Shield            |    77 |    28 ||   105

Table legend:
 A = Non-vault XP
 B = Vault XP
 C = Vault XP percentage of total XP
 D = Non-vault monster count
 E = Vault monster count
 F = Vault count percentage of total count
                 A         B        C        D         E       F
            +---------+---------+-------+---------+---------+-------
      Total |     439 |     225 |  33.9 |      66 |       4 |   5.7
            +---------+---------+-------+---------+---------+-------
        D:1 |      19 |       0 |   0.0 |      13 |       0 |   0.0
        D:2 |      67 |       5 |   6.9 |      19 |       3 |  13.6
        D:3 |      58 |     220 |  79.1 |      21 |       1 |   4.5
        D:4 |     295 |       0 |   0.0 |      13 |       0 |   0.0
            +---------+---------+-------+---------+---------+-------
